 Dungeon Crawl Stone Soup version 0.30-a0-457-g4b7bca3bfa (webtiles) character file.

Game seed: 7442376771859023366

480 McMuffin the Slasher (level 6, -3/48 HPs)
             Began as a Demonspawn Fighter on Dec 12, 2022.
             Was an Initiate of Gozag.
             Slain by a two-headed ogre
             ... wielding a +0 giant club
              (11 damage)
             ... on level 5 of the Dungeon.
             The game lasted 00:11:48 (3640 turns).

McMuffin the Slasher (Demonspawn Fighter)           Turns: 3640, Time: 00:11:49

Health: -3/48      AC: 11    Str: 21    XL:     6   Next: 86%
Magic:  0/6        EV: 13    Int:  9    God:    Gozag
Gold:   198        SH:  4    Dex:  9    Spells: 5/5 levels left

rFire   . . .      SeeInvis +    H - +7 mace of Defiance {pain, rN++ Str+4 Dex-5 SInv}
rCold   . . .      Faith    .    c - +0 buckler
rNeg    + + .      Spirit   +    b - +0 scale mail
rPois   .          Reflect  .    (no helmet)
rElec   .          Harm     .    (no cloak)
rCorr   .          Rampage  .    (no gloves)
Will    .....                    (no boots)
Stlth   ..........               x - amulet of guardian spirit
HPRegen 0.28/turn                h - +4 ring of protection
MPRegen 0.10/turn                u - +4 ring of evasion

@: lethally poisoned (-3 -> -5), gold aura
A: foul stench 1, demonic magic 1, weakness stinger 1
a: Renounce Religion, Potion Petition, Call Merchant, Bribe Branch


You were on level 5 of the Dungeon.
You worshipped Gozag.
Gozag was aware of your devotion.
You visited 1 branch of the dungeon, and saw 5 of its levels.

You collected 284 gold pieces.
You paid 86 gold pieces to Gozag.

Inventory:

Hand Weapons
 a - a +0 long sword
 z - a +0 dagger
 B - a +2 vampiric trident
 H - the +7 mace of Defiance (weapon) {pain, rN++ Str+4 Dex-5 SInv}
   (You found it on level 4 of the Dungeon)

   In the hands of one skilled in necromantic magic, it inflicts extra damage on
   living creatures.
   Str:       It affects your strength (+4).
   Dex:       It affects your dexterity (-5).
   rN:        It greatly protects you from negative energy.
   SInv:      It lets you see invisible.
Missiles
 G - a throwing net (quivered)
Armour
 b - a +0 scale mail (worn)
 c - a +0 buckler (worn)
 q - a +0 leather armour
 A - a +0 scale mail
Jewellery
 h - a +4 ring of protection (left hand)
 s - a ring of positive energy
 t - a ring of fire
 u - a +4 ring of evasion (right hand)
 x - an amulet of guardian spirit (around neck)
 y - a +4 ring of protection
Wands
 C - a wand of charming (8)
Scrolls
 e - 2 scrolls of fear {unknown}
 f - 5 scrolls of enchant armour {unknown}
 i - 2 scrolls of vulnerability {unknown}
 j - 4 scrolls of fog {unknown}
 k - a scroll of torment {unknown}
 m - a scroll of butterflies {unknown}
 o - 4 scrolls of teleportation {unknown}
 r - 4 scrolls of identify {unknown}
 v - a scroll of noise {unknown}
 w - 2 scrolls of poison {unknown}
 D - 3 scrolls of immolation {unknown}
 E - a scroll of enchant weapon {unknown}
Potions
 d - 3 potions of might
 g - 2 potions of curing
 l - 2 potions of flight {unknown}
 n - a potion of lignification {unknown}
 p - a potion of brilliance {unknown}
 F - a potion of mutation {unknown}
 I - a potion of ambrosia {unknown}
 J - a potion of heal wounds {unknown}
 K - 2 potions of resistance {unknown}


   Skills:
 + Level 4.0 Fighting
 + Level 4.0 Long Blades
 + Level 1.0 Maces & Flails
 + Level 1.7 Polearms
 + Level 4.0 Armour
 + Level 1.7 Dodging
 + Level 0.6 Stealth
 + Level 3.2 Shields


You had 5 spell levels left.
You didn't know any spells.
Your spell library was empty.

Dungeon Overview and Level Annotations

Branches:
Dungeon (5/15)
 Temple: D:4-7

Altars:
Gozag
Hepliaklqana
Kikubaaqudgha
Sif Muna


Innate Abilities, Weirdness & Mutations

You may rarely emit foul miasma when damaged in melee.
Spells you cast may paralyse adjacent enemies.
You have a small tail.


Message History

You block the water moccasin's attack. The water moccasin misses you.
You sock the water moccasin!
The water moccasin is severely wounded.
The water moccasin bites you but does no damage.
The water moccasin bites you.
You are poisoned.
The water moccasin poisons you!
You feel very sick.
You closely miss the water moccasin.
Your tail-slap misses the water moccasin.
The water moccasin is severely wounded.
You feel very sick. You block the water moccasin's attack.
The water moccasin completely misses you.
The water moccasin bites you but does no damage.
You barely miss the water moccasin.
The water moccasin is severely wounded.
You feel very sick.
The water moccasin bites you but does no damage.
You block the water moccasin's attack.
You sock the water moccasin!
Your tail-slap misses the water moccasin.
The water moccasin is almost dead.
You feel sick. You block the water moccasin's attack.
The two-headed ogre hits you but does no damage.
The two-headed ogre hits you with a +0 giant club.
The water moccasin bites you but does no damage.
You hit the water moccasin.
You kill the water moccasin!
You feel sick. The two-headed ogre misses you.
The two-headed ogre hits you with a +0 giant club!!
* * * LOW HITPOINT WARNING * * *
Your Fighting skill increases to level 4!
Your Maces & Flails skill increases to level 1!
Your Armour skill increases to level 4!
The two-headed ogre attacks as you move away!
The two-headed ogre closely misses you.
The two-headed ogre hits you with a +0 giant club!
You die...
Your body crumbles into a pile of gold.

#.....#. #...... #.....#
....##..# #.....# ........#
#.....######### ........#
#....##........ ........#
#..............
........#######O$##..........
.##[....##.#..##@##..........
.........#......)..##.###.###
#.............##)#..# ..##
.....#######....#.....##...#
.....#.....#....#####.....>#
##.###.#.#.##...### #..###.#.
#.. #.._..'....#.###..##....
.. #.#.#.#................. g
#.....#........<.....##.


You could see a two-headed ogre.

Vanquished Creatures
  A water moccasin (D:5)
  A hound (D:4)
  2 orc priests (D:4)
  Natasha (twice) (D:2)
  7 gnolls
  7 adders
  2 ufetubi (D:5)
  2 worms
  2 dart slugs
  6 orcs
  A bat (D:1)
  6 endoplasms
  7 giant cockroaches
  8 goblins
  7 hobgoblins
  7 jackals
  2 quokkas (D:4)
  9 ball pythons
  4 kobolds
  6 rats
89 creatures vanquished.

Notes
Turn   | Place    | Note
-------+----------+-------------------------------------------
     0 | D:1      | McMuffin the Demonspawn Fighter began the quest for the
                  | Orb.
     0 | D:1      | Reached XP level 1. HP: 18/18 MP: 1/1
   248 | D:1      | Gained mutation: You may rarely emit foul miasma when
                  | damaged in melee. [demonic ancestry]
   248 | D:1      | Reached XP level 2. HP: 17/24 MP: 2/2
   914 | D:2      | Gained mutation: Spells you cast may paralyse adjacent
                  | enemies. [demonic ancestry]
   914 | D:2      | Reached XP level 3. HP: 29/29 MP: 3/3
   944 | D:2      | Noticed Natasha
   948 | D:2      | Killed Natasha
   995 | D:2      | Noticed Natasha
  1004 | D:2      | Killed Natasha
  1005 | D:2      | Reached XP level 4. HP: 24/35 MP: 4/4
  1379 | D:3      | Found an ancient bone altar of Kikubaaqudgha.
  1379 | D:3      | Found a hazy altar of Hepliaklqana.
  1786 | D:3      | Reached skill level 1 in Dodging
  1806 | D:3      | Reached XP level 5. HP: 41/41 MP: 5/5
  2337 | D:4      | HP: 2/41 [gnoll/+0 spear (2)]
  2721 | D:4      | Gained mutation: You have a small tail. [demonic ancestry]
  2721 | D:4      | Reached XP level 6. HP: 42/48 MP: 3/6
  2744 | D:4      | Identified the +7 mace of Defiance {pain, rN++ Str+4 Dex-5
                  | SInv}
  2962 | D:4      | Found a shimmering blue altar of Sif Muna.
  3381 | D:5      | Entered Level 5 of the Dungeon
  3424 | D:5      | Found an opulent altar of Gozag.
  3432 | D:5      | Became a worshipper of Gozag Ym Sagoz the Greedy
  3470 | D:5      | Reached skill level 1 in Polearms
  3623 | D:5      | Noticed a water moccasin
  3632 | D:5      | Noticed a two-headed ogre
  3639 | D:5      | Killed a water moccasin
  3640 | D:5      | Reached skill level 1 in Maces & Flails
  3640 | D:5      | Slain by a two-headed ogre

Illustrated notes

Levels and vault maps discovered:
D:1:      ncdulo_lavacross, layout_basic
D:2:      layout_basic, serial_glass, glass_columns_b, glass_columns_c,
          minmay_pentomino_t2, uniq_natasha
D:3:      minmay_general_purpose_star, layout_basic,
          gammafunk_temple_overflow_wave
D:4:      layout_rooms, tgw_sif, chequers_decorated_corner
D:5:      layout_cave_pools, grunt_temple_overflow_holy_war, elyvilon_altar_4,
          slow_altar_2, kennysheep_little_box, makhleb_blood_cavern_becter,
          mainiacjoe_overflow_tiny_flanked, minmay_temple_entry_mist,
          minmay_pentangle

Skill      XL: |  1  2  3  4  5  6 |
---------------+-------------------+-----
Long Blades    | 2 3 4 |  4.0
Armour         | 3 4 |  4.0
Shields        | 3 |  3.2
Dodging        | 1 |  1.7
Polearms       | 1 |  1.7
Fighting       | 4 |  4.0
Maces & Flails | 1 |  1.0
Stealth        | |  0.6

Action                   |  1- 3 |  4- 6 || total
-------------------------+-------+-------++-------
Melee: Long sword        |    70 |   122 ||   192
       Trident           |       |    31 ||    31
       Mace              |       |    34 ||    34
       Tailslap          |       |     5 ||     5
Throw: Throwing net      |       |     1 ||     1
  Use: Potion            |       |     1 ||     1
Armor: Scale mail        |    41 |    82 ||   123
Dodge: Dodged            |    30 |   153 ||   183
Block: Buckler           |    11 |    54 ||    65

Table legend: (Time is in decaauts)
 A = Elapsed time spent in this place.
 B = Non-inter-level travel time spent in this place.
 C = Inter-level travel time spent in this place.
 D = Time resting spent in this place.
 E = Time spent auto-exploring this place.
 F = Levels seen in this place.
 G = Mean time per level.
                   A        B        C        D        E       F      G
               +--------+--------+--------+--------+--------+-----+--------+
         Total |   3718 |   3718 |      0 |    367 |   2050 |   5 |  743.6 |
       Dungeon |   3718 |   3718 |      0 |    367 |   2050 |   5 |  743.6 |
               +--------+--------+--------+--------+--------+-----+--------+

Top non-repeatable levels by time:
     D:4: 1097 daAuts
     D:3: 992 daAuts
     D:1: 780 daAuts
     D:2: 576 daAuts
     D:5: 271 daAuts
